 Dungeon Crawl Stone Soup version 0.25.0-10-g039870ee82 (webtiles) character file.

Game seed: 9696625287487407236

393 mopl the Sneak (level 6, -4/36 HPs)
             Began as an Octopode Earth Elementalist on June 22, 2020.
             Slain by Grinder (6 damage)
             ... while paralysed by Grinder
             ... on level 4 of the Dungeon.
             The game lasted 00:05:01 (4162 turns).

mopl the Sneak (Octopode Earth Elementalist)        Turns: 4162, Time: 00:05:02

Health: -4/36      AC:  1    Str:  7    XL:     6   Next: 81%
Magic:  8/11       EV:  2    Int: 17    God:
Gold:   113        SH:  0    Dex: 15    Spells: 5/12 levels left

rFire    . . .     SeeInvis .   a - +1 short sword (drain)
rCold    . . .     Gourm    .   (no shield)
rNeg     . . .     Faith    .   (helmet restricted)
rPois    .         Spirit   .   (no amulet)
rElec    .         Reflect  .   (no ring)
rCorr    .         Harm     .   (no ring)
MR       .....                  (no ring)
Stlth    ++++......             (no ring)
HPRegen  0.12/turn              (no ring)
MPRegen  0.12/turn              (no ring)
                                (no ring)
                                (no ring)

@: paralysed, very slightly contaminated
A: almost no armour, stealthy swim, amphibious, 8 rings, constrict 8, camouflage
1, gelatinous body 1
a: no special abilities


You were on level 4 of the Dungeon.
You were very hungry.

You visited 1 branch of the dungeon, and saw 4 of its levels.

You collected 113 gold pieces.

Inventory:

Hand Weapons
 a - a +1 short sword of draining (weapon)
 l - a +0 dagger
Missiles
 b - 110 stones (quivered)
Wands
 e - a wand of flame (13)
Scrolls
 f - a scroll of fog {unknown}
 m - a scroll of teleportation {unknown}
 o - a scroll of remove curse
 p - a scroll of fear {unknown}
 q - 3 scrolls of amnesia {unknown}
 r - a scroll of blinking {unknown}
Potions
 g - a potion of lignification
 h - a potion of might
 i - 2 potions of haste
 j - 2 potions of degeneration {unknown}
 k - a potion of invisibility {unknown}
 n - a potion of cancellation
 s - a potion of ambrosia {unknown}
Comestibles
 c - 10 rations


   Skills:
 - Level 2.0 Dodging
 + Level 5.5 Stealth
 + Level 3.6 Spellcasting
 + Level 3.2 Transmutations
 + Level 4.5 Earth Magic


You had 5 spell levels left.
You knew the following spells:

 Your Spells              Type           Power        Failure   Level  Hunger
a - Sandblast             Erth           ###...       2%          1    None
c - Petrify               Tmut/Erth      ###.....     32%         4    ####...
p - Passwall              Tmut/Erth      ###.....     4%          2    ##.....

Your spell library contained the following spells:

 Spells                   Type           Power        Failure   Level  Hunger
 Stone Arrow              Conj/Erth      ##....       21%         3    ###....
 Lee's Rapid Deconstruct  Erth           ###.......   58%         5    ######.


Dungeon Overview and Level Annotations

Branches:
Dungeon (4/15)
 Temple: D:4-7

Altars:
Trog

Annotations:
D:4 Grinder, Pikel


Innate Abilities, Weirdness & Mutations

You cannot wear most types of armour.
You are very stealthy in the water. (Stealth+)
You are amphibious.
You can wear up to eight rings at the same time.
You can use your tentacles to constrict eight enemies at once.
Your skin changes colour to match your surroundings (Stealth+).
Your rubbery body absorbs attacks. (AC +1, EV +1)


Message History

Press: ? - help, Shift-Dir - straight line, f/p - Grinder
Aim: Grinder (lightly wounded)
You miscast Sandblast.
You are very lightly contaminated with residual magic.
Nothing appears to happen.
Grinder hits you!
You writhe in agony.
Unknown command.
You hit Grinder but do no damage. Your grab misses Grinder.
Grinder is lightly wounded.
Grinder hits you!
You writhe in agony.
You are too injured to fight recklessly!
You hit Grinder. Your grab misses Grinder.
Grinder is lightly wounded.
Grinder gestures at you.
You suddenly lose the ability to move!
Grinder gestures at you.
You shrug off the repeated paralysis!
Grinder hits you!
* * * LOW HITPOINT WARNING * * *
You writhe in agony.
You die...

## .. #. #. .#.###.
##########
......5##........#
#....@.....###.#
#...###.##.# #.# ### #.##.#
#.# #.##.###.# ##+##
#........# ##..<##
####.##### ##.....## ####.#
#####.......## ##.##.#
K..#.........####...#.####.#


You could see Grinder.

Vanquished Creatures
  Edmund (D:4)
  A phantom (D:4)
  A slave (D:4)
  2 orc wizards (D:4)
  A howler monkey skeleton (D:2)
  5 adders
  2 worms (D:2)
  3 orcs
  9 bats
  A giant cockroach (D:3)
  10 goblins
  6 hobgoblins
  6 jackals
  2 quokkas (D:2)
  A ball python (D:4)
  6 frilled lizards
  8 kobolds
  A quokka skeleton (D:4)
  4 rats
70 creatures vanquished.

Notes
Turn   | Place    | Note
-------+----------+-------------------------------------------
     0 | D:1      | mopl the Octopode Earth Elementalist began the quest for
                  | the Orb.
     0 | D:1      | Reached XP level 1. HP: 11/11 MP: 3/3
   259 | D:1      | Reached skill level 3 in Stealth
   294 | D:1      | Reached XP level 2. HP: 15/17 MP: 5/5
   298 | D:1      | Learned a level 2 spell: Passwall
  1225 | D:2      | Reached XP level 3. HP: 19/21 MP: 6/6
  2050 | D:2      | Reached XP level 4. HP: 27/27 MP: 5/7
  2273 | D:3      | Learned a level 4 spell: Petrify
  2501 | D:3      | Reached skill level 4 in Stealth
  3120 | D:4      | Noticed Edmund
  3152 | D:4      | Killed Edmund
  3152 | D:4      | Reached XP level 5. HP: 7/31 MP: 2/9
  3395 | D:4      | Found a bloodstained altar of Trog.
  3437 | D:4      | Noticed a phantom
  3453 | D:4      | Killed a phantom
  3453 | D:4      | Reached skill level 5 in Stealth
  3453 | D:4      | Reached XP level 6. HP: 20/36 MP: 2/11
  4110 | D:4      | Noticed a slave
  4110 | D:4      | Noticed a slave
  4111 | D:4      | Noticed Pikel
  4111 | D:4      | Noticed a slave
  4117 | D:4      | Killed a slave
  4155 | D:4      | Noticed Grinder
  4160 | D:4      | Paralysed by Grinder for 5 turns
  4162 | D:4      | Slain by Grinder

Illustrated notes

Levels and vault maps discovered:
D:1:      dpeg_arrival_line_fractal, layout_basic
D:2:      layout_basic
D:3:      layout_loops_corners, first_ration
D:4:      layout_loops_corners, old_standard_altar,
          gammafunk_temple_overflow_elements, lightli_temple_of_fire,
          minmay_temple_entry_mist, uniq_grinder, uniq_robin, uniq_edmund,
          uniq_menkaure, uniq_pikel

Skill      XL: |  1  2  3  4  5  6 |
---------------+-------------------+-----
Stealth        | 3 4 5 |  5.5
Spellcasting   | 3 |  3.6
Transmutations | 2 3 |  3.2
Earth Magic    | 4 |  4.5
Dodging        | |  2.0

Action                   |  1- 3 |  4- 6 || total
-------------------------+-------+-------++-------
Melee: Unarmed           |    22 |       ||    22
       Constrict         |    21 |    19 ||    40
       Tentacles         |    12 |    12 ||    24
       Dagger            |    28 |       ||    28
       Short sword       |    29 |    84 ||   113
 Cast: Sandblast         |     7 |    26 ||    33
       Passwall          |     1 |       ||     1
  Use: Scroll            |     2 |     5 ||     7
       Potion            |       |     1 ||     1
 Stab: Sleeping          |    13 |    13 ||    26
  Eat: Chunk             |     4 |     5 ||     9
Armor: Skin              |    14 |    14 ||    28
Dodge: Dodged            |    51 |    30 ||    81
